 Dungeon Crawl Stone Soup version 0.24.1-14-gf8d2b509d9 (webtiles) character file.

Game seed: 239220906869917838, levelgen mode: deterministic

212776 Rampager the Stormcaller (level 18, -9/134 HPs)
             Began as a Demonspawn Air Elementalist on May 19, 2020.
             Was an Elder of Makhleb.
             Mangled by an Executioner (19 damage)
             ... on level 2 of the Abyss on May 20, 2020.
             The game lasted 07:33:50 (30992 turns).

Rampager the Stormcaller (DsAE)                    Turns: 30992, Time: 07:33:51

Health: -9/134     AC: 18    Str:  8    XL:     18   Next: 25%
Magic:  0/43       EV: 18    Int: 25    God:    Makhleb [****..]
Gold:   1695       SH:  0    Dex: 14    Spells: 12/41 levels left

rFire    . . .     SeeInvis .   A - +6 quarterstaff
rCold    . . .     Gourm    .   (shield currently unavailable)
rNeg     + . .     Faith    .   C - +4 troll leather armour
rPois    +         Spirit   +   u - +2 helmet
rElec    .         Reflect  .   S - +1 cloak {rPois}
rCorr    .         Harm     .   (gloves unavailable)
MR       +....                  K - +1 pair of boots
Stlth    ++........             b - amulet of magic regeneration
HPRegen  0.72/turn              k - ring of magical power
MPRegen  0.81/turn              J - ring of wizardry

@: sluggish, slowed, very slow
A: claws 3, slimy green scales 2, negative energy resistance 1, spiny 1, 50%
torment resistance, magic shield, magic regeneration, magic link
}: 1/15 runes: serpentine
a: Minor Destruction, Lesser Servant of Makhleb, Major Destruction, Renounce
Religion


You were on level 2 of the Abyss.
You worshipped Makhleb.
Makhleb was greatly pleased with you.
You were not hungry.

You visited 6 branches of the dungeon, and saw 31 of its levels.
You visited the Abyss 1 time.
You also visited: Ossuary.

You collected 2637 gold pieces.
You spent 942 gold pieces at shops.

Inventory:

Hand Weapons
 A - a +6 quarterstaff (weapon)
 R - the +4 spear "Hydra's Funeral" {freeze, rC+ rN++ MR+}
   (You bought it in a shop on level 2 of the Orcish Mines)

   It has been specially enchanted to freeze those struck by it, causing extra
   injury to most foes and up to half again as much damage against particularly
   susceptible opponents.
   It can also slow down cold-blooded creatures.
   It protects you from cold.
   It greatly protects you from negative energy.
   It affects your resistance to hostile enchantments.
Missiles
 Y - 7 curare-tipped darts (quivered)
Armour
 a - +0 steam dragon scales
 f - a +1 robe of cold resistance
 u - a +2 helmet (worn)
 C - a +4 troll leather armour (worn)
 K - a +1 pair of boots (worn)
 P - a +2 robe of cold resistance
 S - a +1 cloak of poison resistance (worn)
Magical Staves
 c - an uncursed staff of conjuration
 s - an uncursed staff of summoning
 N - an uncursed staff of power
Jewellery
 b - an amulet of magic regeneration (around neck)
 d - an uncursed amulet of harm
 e - an uncursed amulet of the gourmand
 g - an uncursed ring of poison resistance
 i - an uncursed amulet of the acrobat
 k - a ring of magical power (left claw)
 p - an uncursed ring of stealth
 B - an uncursed ring of protection from fire {unknown}
 J - a ring of wizardry (right claw)
 L - the ring of Noon {rF+ MR+}
   (You took it off a deep elf demonologist on level 3 of the Elven Halls)

   [ring of protection from fire]

   It protects you from fire.
   It affects your resistance to hostile enchantments.
 M - an uncursed ring of see invisible
 Q - a +2 ring of intelligence
 V - an uncursed ring of flight
 W - an uncursed ring of protection from cold
Wands
 o - a wand of random effects (24)
 r - a wand of flame (8)
 t - a wand of digging (8)
 y - a wand of disintegration (9)
 D - a wand of acid (3)
 I - a wand of iceblast (11)
 T - a wand of enslavement (10)
Scrolls
 h - a scroll of enchant armour
 l - 4 scrolls of fog
 m - a scroll of teleportation
 v - 3 scrolls of fear
 w - 9 scrolls of remove curse
 x - 4 scrolls of identify
 H - 2 scrolls of amnesia
 O - 2 scrolls of magic mapping
 X - a scroll of enchant weapon
Potions
 j - 5 potions of ambrosia
 q - 2 potions of resistance
 E - a potion of magic
 F - 2 potions of berserk rage
 G - 5 potions of flight
 U - a potion of cancellation
Miscellaneous
 n - a lightning rod (4/4)
 Z - a crystal ball of energy
Comestibles
 z - 19 rations


   Skills:
 - Level 10.0 Fighting
 - Level 5.0 Staves
 - Level 11.0 Dodging
 - Level 1.7 Stealth
 - Level 5.0 Unarmed Combat
 - Level 12.3 Spellcasting
 - Level 1.0 Conjurations
 - Level 1.2 Charms
 * Level 8.6 Necromancy
 - Level 1.2 Translocations
 - Level 19.0 Air Magic
 - Level 14.0 Invocations


You had 12 spell levels left.
You knew the following spells:

 Your Spells              Type           Power        Failure   Level  Hunger
a - Airstrike             Air            #######...   0%          4    None
b - Swiftness             Chrm/Air       ######..     1%          2    None
c - Static Discharge      Conj/Air       ######..     1%          3    None
d - Lightning Bolt        Conj/Air       ######....   1%          5    ###....
e - Vampiric Draining     Necr           ######....   1%          3    None
f - Regeneration          Chrm/Necr      #####.....   1%          3    None
g - Summon Lightning Spi  Summ/Air       ######..     1%          4    None
h - Apportation           Tloc           ###...       1%          1    None
i - Animate Dead          Necr           N/A          1%          4    None

Your spell library contained the following spells:

 Spells                   Type           Power        Failure   Level  Hunger
 Animate Skeleton         Necr           N/A          1%          1    None
 Flame Tongue             Conj/Fire      ###..        1%          1    None
 Pain                     Necr           ####         1%          1    None
 Shock                    Conj/Air       ####         1%          1    None
 Confusing Touch          Hex            ###...       2%          1    None
 Corona                   Hex            ###....      2%          1    None
 Freeze                   Ice            ###.         2%          1    None
 Summon Small Mammal      Summ           ###.         2%          1    None
 Throw Flame              Conj/Fire      ###...       2%          2    None
 Throw Frost              Conj/Ice       ###...       2%          2    None
 Call Imp                 Summ           ###.....     3%          2    None
 Slow                     Hex            ###.....     3%          2    None
 Ozocubu's Armour         Chrm/Ice       ###.....     5%          3    None
 Portal Projectile        Hex/Tloc       ###...       5%          3    None
 Conjure Flame            Conj/Fire      ###.....     6%          3    None
 Call Canine Familiar     Summ           ###.....     7%          3    None
 Inner Flame              Hex/Fire       ###.....     7%          3    None
 Summon Guardian Golem    Hex/Summ       ###.....     7%          3    None
 Sticky Flame             Conj/Fire      ###.....     17%         4    None
 Throw Icicle             Conj/Ice       ###.....     17%         4    None
 Cause Fear               Hex            ###.......   22%         4    None
 Leda's Liquefaction      Hex/Erth       ###.......   22%         4    None
 Summon Ice Beast         Ice/Summ       ###.....     22%         4    None
 Fireball                 Conj/Fire      ###.......   43%         5    ###....


Dungeon Overview and Level Annotations

Branches:
Dungeon (15/15)            Temple (1/1) D:4            Lair (6/6) D:10
  Snake (4/4) Lair:2        Slime (0/5) Lair:6          Orc (2/2) D:12
    Elf (3/3) Orc:2        Vaults (0/5) D:14         Depths (0/5) D:15
Ossuary (visited)
  Swamp: Lair:2-4    Shoals: Lair:2-4

Altars:
Ashenzari
Cheibriados
Dithmenos
Fedhas
Gozag
Hepliaklqana
Kikubaaqudgha
Makhleb
Nemelex Xobeh
Qazlal
Ru
Sif Muna
Trog
Uskayaw
Vehumet
Xom
Yredelemnul
Zin
The Shining One
Beogh
Jiyva

Shops:
D:9 [   Orc:2 ?(([   Elf:3 =%=}

Portals:
Trove: D:11 (give +3 shadow dragon scales)

Annotations:
D:4 1 runed translucent door, Descartes's ghost, novice FoFi
D:12 Rupert
Snake:4 3 runed translucent doors, exclusion: obsidian statue, zig's ghost, adept HOFi
Elf:2 3 runed translucent doors


Innate Abilities, Weirdness & Mutations

You have claws for hands.
You are mostly covered in slimy green scales. (AC +3)
You resist negative energy. (rN+)
You are partially covered in sharp spines.
You are somewhat able to resist unholy torments (1 in 2 success).
When hurt, damage is shared between your health and your magic reserves.
You regenerate magic rapidly.
When low on magic, you restore magic in place of health.


Message History

Confirm with . or Enter, or press ? or * to list all spells.
Aiming: Lightning Bolt (safe; 1% risk of failure)
Press: ? - help, Shift-Dir - straight line, f - hellwing
Aim: a hellwing You hear a mighty clap of thunder!
The bolt of lightning hits the Executioner.
The Executioner resists.
The Executioner is severely wounded.
The bolt of lightning misses the hellwing.
You hear a shout!
You hear a bellow!
The Executioner hits you!
* * * LOW HITPOINT WARNING * * *
The Executioner hits you.
* * * LOW HITPOINT WARNING * * *
The Executioner hits you but does no damage.
The Executioner is struck by your spines.
The Executioner closely misses you.
The Executioner hits you but does no damage. x2
The Executioner hits you!!
You die...

##..
#..#..#......##.#
. . #...# # .
..##..##### ยง .
. #..##....# #..
..# .. #..##..
.#.##.#.## # .# .
#......## #.### .
#. #.##.#..# #3.#
# #. . #.#.##.#.#
# ...#.#.#41#..#
#.##..#.###@..# .
..# .# #..#...# .
# .# .### ## ##
#. ##


You could see an Executioner and a hellwing.

Vanquished Creatures
  Nikola (Snake:4)
  A deep elf blademaster (Elf:3)
  2 deep elf master archers (Elf:3)
  Frances (Snake:2)
  Gastronok (Lair:1)
  Donald (Orc:2)
  4 nagarajas (Snake:4)
  A deep elf sorcerer (Elf:3)
  2 deep elf elementalists (Elf:3)
  4 deep elf demonologists (Elf:3)
  3 deep elf annihilators
  2 deep elf death magi (Elf:3)
  Azrael (Snake:2)
  Josephine (D:14)
  A rakshasa (D:15)
  6 naga warriors
  A deep elf high priest (Elf:1)
  3 vault guards (D:14)
  3 hydras
  3 anacondas
  2 two-headed ogres
  A catoblepas (Lair:3)
  3 centaur warriors (D:15)
  13 dancing weapons
  11 shock serpents
  A thrashing horror (Abyss:2)
  11 naga sharpshooters
  7 deep elf knights
  2 orc high priests (Orc:2)
  Nergalle (D:10)
  Sonja (D:10)
  2 salamander mystics (Snake:2)
  3 unseen horrors
  10 deep elf archers
  33 deep elf magi
  A phantasmal warrior (D:12)
  A glowing orange brain (D:15)
  4 naga ritualists
  An orange crystal statue (D:9)
  11 mana vipers
  2 orc knights (Orc:2)
  A wolf spider zombie (D:14)
  A mana viper (shapeshifter) (D:15)
  7 ugly things
  2 oklob plants
  An orc sorcerer (Orc:1)
  An orb spider (shapeshifter) (D:15)
  3 cyclopes
  3 manticores
  7 salamanders
  Maurice (D:13)
  25 naga magi
  23 black mambas
  Psyche (D:12)
  3 elephants (Lair:5)
  3 guardian serpents (Snake:4)
  3 gargoyles
  8 spiny frogs
  5 komodo dragons
  An ancient zyme (Abyss:2)
  A queen bee (shapeshifter) (D:15)
  8 trolls
  3 meliai (D:14)
  2 polar bears (Lair:6)
  16 blink frogs
  A wind drake (shapeshifter) (D:15)
  A harpy skeleton (D:15)
  4 hornets
  7 hippogriffs
  A hippogriff (shapeshifter) (D:15)
  14 slime creatures
  5 water elementals
  2 wyverns
  3 redbacks (D:15)
  A ynoxinul (Abyss:2)
  4 shadows
  4 air elementals
  7 wraiths
  35 yaks
  9 spriggans (Lair:6)
  A vampire (D:10)
  A tarantella (D:15)
  3 steam dragons
  A basilisk (D:12)
  2 small abominations (Abyss:2)
  7 fire elementals
  10 vampire mosquitoes
  3 hungry ghosts
  35 nagas
  2 hell hounds (Snake:2)
  3 water moccasins
  An acid dragon (D:15)
  Duvessa (D:7)
  5 porcupines
  21 orc warriors
  2 hornet zombies
  3 eyes of draining
  5 ice beasts
  5 phantoms
  2 sky beasts
  6 black bears
  2 necrophages
  5 boggarts (Lair:6)
  7 ogres
  19 wolves
  12 centaurs
  A big kobold (D:9)
  10 crocodiles
  An elf zombie (Ossuary)
  A gnoll sergeant (D:4)
  10 bullfrogs
  Dowan (D:7)
  A wyvern zombie (D:14)
  An earth elemental (Elf:2)
  5 scorpions
  13 wights
  5 electric eels
  6 howler monkeys
  8 crimson imps
  2 quasits
  2 jellies
  3 centaur zombies
  18 orc priests
  6 centaur skeletons
  3 gnoll shamans
  5 hounds
  25 orc wizards
  2 bullfrog skeletons (D:13)
  4 iguanas
  9 worker ants
  A big kobold zombie (Ossuary)
  A hound zombie (D:6)
  3 hound skeletons
  3 mummies (Ossuary)
  2 worker ant zombies
  46 gnolls
  13 adders
  5 shadow imps
  A white imp (Abyss:2)
  2 oozes
  2 adder zombies (Ossuary)
  3 worms
  3 dart slugs
  3 leopard geckos (D:2)
  108 orcs
  5 bats
  8 giant cockroaches
  6 goblins
  7 hobgoblins
  14 jackals
  8 quokkas
  3 ball pythons
  7 frilled lizards
  2 hobgoblin zombies (Ossuary)
  A jackal zombie (D:5)
  13 kobolds
  A kobold zombie (Ossuary)
  2 leopard gecko skeletons
  A quokka skeleton (D:7)
  2 quokka zombies (Ossuary)
  7 rats
  3 rat zombies
982 creatures vanquished.

Vanquished Creatures (collateral kills)
  2 nagarajas (Snake:4)
  An orc warlord (Orc:2)
  2 deep elf sorcerers (Elf:3)
  2 deep elf elementalists
  3 deep elf demonologists (Elf:3)
  2 deep elf annihilators (Elf:3)
  2 large abominations
  2 deep elf death magi (Elf:3)
  A vault guard (D:14)
  4 naga warriors
  A hydra (Lair:6)
  A centaur warrior (D:14)
  A death knight (D:12)
  A dancing weapon (Elf:2)
  A two-headed ogre (D:12)
  5 naga sharpshooters
  2 deep elf knights (Elf:3)
  4 deep elf archers
  2 naga ritualists
  14 deep elf magi
  2 mana vipers
  2 cyclopes
  A phantasmal warrior (D:12)
  An ugly thing (D:14)
  4 salamanders (Snake:2)
  3 elephants (Lair:5)
  4 black mambas
  4 naga magi (Snake:4)
  2 komodo dragons
  A troll (Orc:2)
  A hornet (shapeshifter) (Elf:1)
  A hornet (Lair:6)
  6 slime creatures
  A hippogriff (Lair:1)
  A dream sheep (Lair:6)
  2 blink frogs (Lair:1)
  A redback (D:15)
  2 spriggans (Lair:6)
  A redback (shapeshifter) (D:15)
  A wraith (D:12)
  10 yaks
  A water elemental (Elf:2)
  A fire elemental (Snake:2)
  A basilisk (Lair:5)
  A vampire mosquito (D:15)
  19 nagas
  A porcupine (Lair:3)
  10 orc warriors (Orc:2)
  2 ogres (Orc:2)
  4 wolves (Lair:6)
  2 crocodiles
  A wight (D:15)
  A hound (D:14)
  9 orc wizards (Orc:2)
  2 orc priests (Orc:2)
  An iguana (D:13)
  18 orcs (Orc:2)
  A crawling corpse (Elf:3)
179 creatures vanquished.

Vanquished Creatures (others)
  A dancing weapon (Elf:2)
  A naga (Snake:4)
  An orc (D:12)
  3 goblin zombies (Ossuary)
  4 hobgoblin zombies (Ossuary)
  A kobold zombie (Ossuary)
  A bush (Lair:6)
  22 fungi
  2 plants (Lair:6)
36 creatures vanquished.

Grand Total: 1197 creatures vanquished

Notes
Turn   | Place    | Note
-------+----------+-------------------------------------------
     0 | D:1      | Rampager the Demonspawn Air Elementalist began the quest
                  | for the Orb.
     0 | D:1      | Reached XP level 1. HP: 13/13 MP: 3/3
   146 | D:1      | Reached skill level 3 in Air Magic
   209 | D:1      | Gained mutation: You have sharp fingernails. [demonic
                  | ancestry]
   209 | D:1      | Reached XP level 2. HP: 19/19 MP: 1/5
   213 | D:1      | Learned a level 2 spell: Swiftness
  1328 | D:2      | Reached skill level 4 in Air Magic
  1328 | D:2      | Reached XP level 3. HP: 18/24 MP: 1/6
  1494 | D:2      | Learned a level 3 spell: Static Discharge
  2110 | D:2      | Gained mutation: You have very sharp fingernails. [demonic
                  | ancestry]
  2110 | D:2      | Reached XP level 4. HP: 30/30 MP: 3/7
  2310 | D:2      | Found a blossoming altar of Fedhas.
  2553 | D:3      | Reached skill level 5 in Air Magic
  2587 | D:3      | Reached XP level 5. HP: 33/35 MP: 0/8
  2663 | D:3      | Noticed an ice beast
  2714 | D:3      | Killed an ice beast
  2714 | D:3      | Reached skill level 6 in Air Magic
  3082 | D:3      | Gained mutation: You are partially covered in slimy green
                  | scales. (AC +2) [demonic ancestry]
  3082 | D:3      | Reached XP level 6. HP: 41/41 MP: 6/9
  3187 | D:3      | Learned a level 4 spell: Airstrike
  3310 | D:3      | Reached skill level 1 in Unarmed Combat
  3433 | D:3      | Found a blossoming altar of Fedhas.
  3515 | D:4      | Found a runed translucent door.
  3518 | D:4      | Noticed Descartes's ghost (novice FoFi)
  4064 | D:4      | Reached skill level 1 in Fighting
  4181 | D:4      | Found a sand-covered staircase.
  4192 | Ossuary  | Entered an ossuary
  4504 | Ossuary  | Gained mutation: You are mostly covered in slimy green
                  | scales. (AC +3) [demonic ancestry]
  4504 | Ossuary  | Reached XP level 7. HP: 22/48 MP: 0/11
  4980 | D:4      | Reached skill level 7 in Air Magic
  5380 | D:4      | Reached skill level 8 in Air Magic
  5399 | D:4      | Gained mutation: When hurt, damage is shared between your
                  | health and your magic reserves. [demonic ancestry]
  5399 | D:4      | Reached XP level 8. HP: 11/54 MP: 0/12
  5882 | D:4      | Found a staircase to the Ecumenical Temple.
  5891 | Temple   | Entered the Ecumenical Temple
  6108 | D:4      | Reached skill level 9 in Air Magic
  6375 | D:5      | Entered Level 5 of the Dungeon
  6718 | D:5      | Reached skill level 5 in Unarmed Combat
  7001 | D:6      | Gained mutation: You are partially covered in sharp spines.
                  | [demonic ancestry]
  7001 | D:6      | Reached XP level 9. HP: 61/61 MP: 4/13
  7190 | D:6      | Found a radiant altar of Vehumet.
  7212 | D:6      | Found a bloodstained altar of Trog.
  7337 | D:6      | Found a stormy altar of Qazlal.
  7636 | D:6      | Learned a level 5 spell: Lightning Bolt
  7694 | D:6      | Found a hide-covered altar of Uskayaw.
  7807 | D:7      | Noticed a two-headed ogre
  7829 | D:7      | Killed a two-headed ogre
  7829 | D:7      | Reached skill level 5 in Dodging
  7923 | D:7      | Found a glowing silver altar of Zin.
  8292 | D:7      | Reached skill level 5 in Spellcasting
  8479 | D:7      | Noticed Duvessa
  8496 | D:7      | Killed Duvessa
  8496 | D:7      | Reached XP level 10. HP: 65/71 MP: 2/17
  8496 | D:7      | Noticed Dowan
  8549 | D:7      | Killed Dowan
  8807 | D:8      | Found a shimmering blue altar of Sif Muna.
  8894 | D:8      | Noticed a two-headed ogre
  9155 | D:8      | Found a glowing golden altar of the Shining One.
  9210 | D:8      | Found an opulent altar of Gozag.
  9211 | D:8      | Found a sparkling altar of Nemelex Xobeh.
  9363 | D:8      | Killed a two-headed ogre
  9556 | D:8      | Found an ancient bone altar of Kikubaaqudgha.
  9809 | D:9      | Learned a level 3 spell: Vampiric Draining
  9813 | D:9      | Learned a level 3 spell: Regeneration
  9877 | D:9      | Found a sparkling altar of Nemelex Xobeh.
  9945 | D:9      | Got a warped chain mail
  9947 | D:9      | Identified the +1 chain mail "Looniedd" {Stlth+} (You found
                  | it on level 9 of the Dungeon)
 10073 | D:9      | Noticed an orange crystal statue
 10093 | D:9      | Killed an orange crystal statue
 10093 | D:9      | Reached skill level 10 in Air Magic
 10306 | D:9      | Found Istad's Armour Emporium.
 10567 | D:10     | Entered Level 10 of the Dungeon
 10585 | D:10     | Gained mutation: You have claws for hands. [demonic
                  | ancestry]
 10585 | D:10     | Reached XP level 11. HP: 29/77 MP: 0/23
 10713 | D:10     | Reached skill level 11 in Air Magic
 11110 | D:10     | Noticed Sonja
 11137 | D:10     | Killed Sonja
 11551 | D:10     | Noticed Nergalle
 11557 | D:10     | Killed Nergalle
 11629 | D:10     | Killed an unseen horror
 11629 | D:10     | Reached skill level 10 in Spellcasting
 11859 | D:10     | Found a staircase to the Lair.
 11968 | D:11     | Noticed a red ugly thing
 11977 | D:11     | Killed a red ugly thing
 12122 | D:11     | Killed an unseen horror
 12499 | D:11     | Identified a scroll of acquirement
 12506 | D:11     | Learned a level 4 spell: Summon Lightning Spire
 12545 | D:11     | You fall into a shaft and drop 2 floors!
 12545 | D:13     | Found a shattered altar of Ashenzari.
 12546 | D:13     | Noticed a four-headed hydra
 12580 | D:13     | Noticed an oklob plant
 12581 | D:13     | Found a hazy altar of Hepliaklqana.
 12597 | D:13     | Reached skill level 12 in Air Magic
 12625 | D:13     | Noticed a deep elf mage
 12638 | D:13     | Noticed Maurice
 12644 | D:13     | Killed Maurice
 12969 | D:11     | Found a portal to a secret trove of treasure.
 13270 | D:12     | Gained mutation: You regenerate magic rapidly. [demonic
                  | ancestry]
 13270 | D:12     | Reached XP level 12. HP: 78/83 MP: 13/26
 13454 | D:12     | Found a staircase to the Orcish Mines.
 13454 | D:12     | Noticed Rupert
 13554 | Lair:1   | Entered Level 1 of the Lair of Beasts
 13838 | Lair:1   | Noticed Gastronok
 13849 | Lair:1   | Killed Gastronok
 13849 | Lair:1   | Reached skill level 13 in Air Magic
 13987 | Lair:1   | Reached skill level 1 in Staves
 14132 | Lair:1   | Learned a level 1 spell: Apportation
 14630 | Lair:2   | Found a staircase to the Snake Pit.
 14834 | Lair:3   | Reached skill level 5 in Staves
 14878 | Lair:3   | Reached skill level 1 in Charms
 14882 | Lair:3   | Reached skill level 1 in Necromancy
 14897 | Lair:3   | Reached skill level 1 in Translocations
 15124 | Lair:3   | Noticed a catoblepas
 15135 | Lair:3   | Killed a catoblepas
 15149 | Lair:3   | Noticed an eight-headed hydra
 15153 | Lair:3   | Killed an eight-headed hydra
 15253 | Lair:3   | Reached XP level 13. HP: 88/88 MP: 15/28
 15650 | Lair:4   | Reached skill level 15 in Air Magic
 15650 | Lair:4   | Gained mutation: You resist negative energy. (rN+) [demonic
                  | ancestry]
 15650 | Lair:4   | Reached XP level 14. HP: 95/95 MP: 29/29
 15931 | Temple   | Became a worshipper of Makhleb the Destroyer
 16529 | Lair:5   | Reached skill level 5 in Fighting
 17126 | Lair:6   | Entered Level 6 of the Lair of Beasts
 17176 | Lair:6   | Reached * piety under Makhleb
 17541 | Lair:6   | Reached ** piety under Makhleb
 17949 | Lair:6   | Found a staircase to the Slime Pits.
 17950 | Lair:6   | Found a viscous altar of Jiyva.
 18603 | D:12     | Noticed Psyche
 18620 | D:12     | Killed Psyche
 18672 | D:12     | Reached *** piety under Makhleb
 19695 | D:14     | Reached **** piety under Makhleb
 19788 | D:14     | Found a gate to the Vaults.
 19797 | D:14     | Reached skill level 16 in Air Magic
 19797 | D:14     | Reached XP level 15. HP: 112/112 MP: 15/30
 20223 | D:14     | Noticed Josephine
 20230 | D:14     | Killed Josephine
 20325 | D:15     | Entered Level 15 of the Dungeon
 20514 | D:15     | Reached ***** piety under Makhleb
 20638 | D:15     | Found a staircase to the Depths.
 20808 | D:15     | Reached skill level 17 in Air Magic
 21832 | Orc:1    | Entered Level 1 of the Orcish Mines
 21918 | Orc:2    | Entered Level 2 of the Orcish Mines
 21926 | Orc:2    | Reached ****** piety under Makhleb
 22186 | Orc:2    | Found a roughly hewn altar of Beogh.
 22192 | Orc:2    | Found Aloikami's Weapon Shop.
 22224 | Orc:2    | Found a roughly hewn altar of Beogh.
 22254 | Orc:2    | Noticed Donald
 22264 | Orc:2    | Killed Donald
 22391 | Orc:2    | Noticed an orc warlord
 22402 | Orc:2    | Killed an orc warlord
 22512 | Orc:2    | Found a roughly hewn altar of Beogh.
 22512 | Orc:2    | Found Otreo's Antique Weapon Shop.
 22515 | Orc:2    | Found Suegyn's Antique Armour Boutique.
 22527 | Orc:2    | Bought a fine spear for 200 gold pieces
 22527 | Orc:2    | Identified the +4 spear "Hydra's Funeral" {freeze, rC+ rN++
                  | MR+} (You bought it in a shop on level 2 of the Orcish
                  | Mines)
 22684 | Orc:2    | Found a roughly hewn altar of Beogh.
 22694 | Orc:2    | Found a roughly hewn altar of Beogh.
 22771 | Orc:2    | Found a staircase to the Elven Halls.
 22786 | Orc:2    | Found a roughly hewn altar of Beogh.
 22793 | Orc:2    | Reached skill level 18 in Air Magic
 22819 | Orc:2    | Found Jaruc's Magic Scroll Boutique.
 22826 | Orc:2    | Bought a scroll of enchant armour for 90 gold pieces
 22826 | Orc:2    | Bought a scroll of magic mapping for 42 gold pieces
 22826 | Orc:2    | Bought a scroll of magic mapping for 42 gold pieces
 22826 | Orc:2    | Bought a scroll of teleportation for 36 gold pieces
 22826 | Orc:2    | Bought a scroll of magic mapping for 42 gold pieces
 22826 | Orc:2    | Bought a scroll of enchant weapon for 90 gold pieces
 23118 | Snake:1  | Entered Level 1 of the Snake Pit
 24048 | Snake:1  | Reached XP level 16. HP: 96/118 MP: 2/31
 24569 | Snake:2  | Reached skill level 5 in Necromancy
 24884 | Snake:2  | Noticed Azrael
 24887 | Snake:2  | Killed Azrael
 24963 | Snake:2  | Reached skill level 10 in Dodging
 25025 | Snake:2  | Noticed Frances
 25035 | Snake:2  | Killed Frances
 25940 | Snake:3  | Learned a level 4 spell: Animate Dead
 26312 | Snake:3  | Got a translucent great sword
 26313 | Snake:3  | Identified the cursed +0 great sword "Ruipis" {venom,
                  | *Noise MR++} (You found it on level 3 of the Snake Pit)
 26508 | Snake:4  | Entered Level 4 of the Snake Pit
 26647 | Snake:4  | Noticed Nikola
 26666 | Snake:4  | Killed Nikola
 26988 | Snake:4  | Reached skill level 1 in Invocations
 27225 | Snake:4  | Reached skill level 5 in Invocations
 27374 | Snake:4  | Gained mutation: When low on magic, you restore magic in
                  | place of health. [demonic ancestry]
 27374 | Snake:4  | Reached XP level 17. HP: 118/124 MP: 0/33
 27540 | Snake:4  | Got a serpentine rune of Zot
 27734 | Snake:4  | Found a runed translucent gate.
 27734 | Snake:4  | Found a runed translucent gate.
 27751 | Snake:4  | Found an opulent altar of Gozag.
 27751 | Snake:4  | Noticed zig's ghost (adept HOFi)
 27752 | Snake:4  | Found a runed translucent gate.
 28414 | Elf:1    | Entered Level 1 of the Elven Halls
 28428 | Elf:1    | Reached skill level 10 in Fighting
 28608 | Elf:1    | You fall into a shaft and drop 1 floor!
 28618 | Elf:2    | Noticed a deep elf blademaster
 29076 | Elf:1    | Reached skill level 19 in Air Magic
 29536 | Elf:2    | Found a runed translucent gate.
 29536 | Elf:2    | Found a runed translucent gate.
 29536 | Elf:2    | Found a runed translucent gate.
 29711 | Elf:3    | Entered Level 3 of the Elven Halls
 29771 | Elf:3    | Found a frozen archway.
 29800 | Elf:3    | Reached skill level 10 in Invocations
 29864 | Elf:3    | Found Qekic's Jewellery Boutique.
 29872 | Elf:3    | Found Fod Futt's Food Emporium.
 29951 | Elf:3    | Found Ennim's Jewellery Emporium.
 30069 | Elf:3    | Found Sefuuqax's Gadget Shoppe.
 30077 | Elf:3    | Bought a crystal ball of energy for 400 gold pieces
 30175 | Elf:3    | Noticed a deep elf blademaster
 30195 | Elf:3    | Killed a deep elf blademaster
 30234 | Elf:3    | Noticed a Tzitzimitl
 30302 | Elf:3    | Gained mutation: You are somewhat able to resist unholy
                  | torments (1 in 2 success). [demonic ancestry]
 30302 | Elf:3    | Reached XP level 18. HP: 120/134 MP: 13/34
 30320 | Elf:3    | Identified the +1 dagger "Coefoi" {freeze, Int+2}
 30464 | Elf:3    | Noticed an Ice Fiend
 30641 | Elf:3    | Noticed a Tzitzimitl
 30652 | Elf:3    | Identified the ring of Noon {rF+ MR+}
 30729 | Elf:3    | Identified the +2 falchion of the Ring {freeze, rPois rC+
                  | Dex+3}
 30772 | Elf:3    | Cast into level 2 of the Abyss (a deep elf sorcerer)
 30992 | Abyss:2  | Mangled by an Executioner

Levels and vault maps discovered:
D:1:      dpeg_arrival_tiny_i, layout_basic, nrook_mini_backslash,
          chequers_serial_rivers_micro_e
D:2:      layout_loops_ring, lemuel_coloured_pillars_altar
D:3:      layout_basic, lemuel_tele_altar
D:4:      lemuel_castle_with_subvaults [lemuel_castle_interior_carwin_1],
          layout_cave_pools, lemuel_temple_firewalk_b,
          nicolae_ossuary_entry_monument, hellmonk_ghost_happy_afterlife,
          minmay_mini_jars
D:5:      layout_rooms, first_ration
D:6:      layout_basic, vehumet_crystals, nicolae_qazlal_style_of_elements,
          nicolae_overflow_hidden_temple, basic_altar
D:7:      layout_layer_cave, zin_scriptorium, the_bakery, uniq_duvessa
D:8:      layout_rooms, grunt_temple_overflow_opulence, kennysheep_little_box,
          lemuel_doored_altar, lemuel_zombie_altar_kikubaaqudgha
D:9:      layout_irregular_city, serial_shops, shop, minivault_16,
          nemelex_xobeh_ov_fountains_minmay
D:10:     layout_loops_ring, lair_entry_dummy, kennysheep_generic_room_8,
          uniq_sonja, uniq_nergalle
D:11:     layout_cave_pools, enter_trove_0
D:12:     layout_long_grid, hiddenorc2_lemuel, uniq_psyche, uniq_rupert
D:13:     layout_rooms, gauntlet_entry_generic, basic_altar, minivault_5,
          lemuel_oklob_altar, uniq_maurice
D:14:     layout_rooms, lightli_vaults_fourway_checkpoint,
          hangedman_decor_lopped, uniq_josephine
D:15:     gammafunk_enter_depths_forms, layout_basic, minivault_25,
          serial_glass, glass_columns_a, glass_columns_a, glass_columns_c,
          glass_columns_b, glass_columns_c, glass_columns_a, glass_columns_a,
          glass_columns_a, glass_columns_a, glass_columns_b
Temple:   pf_slimified_temple
Lair:1:   beast_lair_carwin_large_2, layout_regular_city, uniq_gastronok
Lair:2:   layout_misc_corridors, guppyfry_snake_entry_garden, minmay_holes,
          minmay_lair_oklob_bushes, serial_bayou_shore_b
Lair:3:   layout_regular_city, palyth_hydra_swamp_entry, beast_lair_carwin_7
Lair:4:   layout_cave_pods
Lair:5:   layout_misc_corridors
Lair:6:   minmay_lair_end_enchanted_forest, layout_layer_cave, slime_altar_1,
          serial_bayou_shore_a
Snake:1:  layout_rooms, drop_trap
Snake:2:  layout_gridlike, grunt_megastairs_2, uniq_frances, uniq_azrael
Snake:3:  layout_cave_town, serial_bayou_pond_c, statue_in_the_mist_lemuel
Snake:4:  snake_pit, layout_gridlike, ebering_ghost_gozag,
          nrook_guardian_serpent_ordinary, uniq_nikola
Orc:1:    layout_caves, uniq_harold, uniq_snorg
Orc:2:    grunt_orc_community_town_hall, layout_caves,
          grunt_orc_community_big_house_2, grunt_orc_community_big_house_2,
          grunt_orc_community_house_2, grunt_orc_community_house_3,
          grunt_orc_community_house_1, grunt_orc_community_house_3,
          grunt_orc_community_house_3, uniq_donald
Elf:1:    eino_elf_arrival_customs, layout_gridlike, hangedman_elf_represent,
          st_stairs_13, minivault_20, uniq_jorgrun
Elf:2:    layout_geoelf_diagonals, st_stairs_4
Elf:3:    grunt_elf_hall_diamonds, layout_geoelf_castle, serial_shops,
          nicolae_shop_behind_doors, nicolae_shop_trees, nicolae_shop_crystal,
          nicolae_shop_window_shopping, portal_ice_cave_entry_pillars_2,
          lemuel_statue_altar
Abyss:2:  base: D:5, eino_small_chamber_without_monster,
          hangedman_illusive_loot, onia_ninara_dug_in_and_dangerous,
          due_exit_kobolds

Skill      XL: |  1  2  3  4  5  6  7  8  9 10 11 12 13 14 15 16 17 18 |
---------------+-------------------------------------------------------+-----
Air Magic      | 3 4 5 6 8 9 10 12 13 15 16 18 19 | 19.0
Spellcasting   | 3 5 8 10 11 12 | 12.3
Unarmed Combat | 2 5 |  5.0
Fighting       | 1 2 4 8 10 | 10.0
Dodging        | 5 8 9 11 | 11.0
Staves         | 5 |  5.0
Charms         | 1 |  1.2
Necromancy     | 1 8 |  8.6
Translocations | 1 |  1.2
Invocations    | 7 12 14 | 14.0
Stealth        | |  1.7
Conjurations   | |  1.0

Action                   |  1- 3 |  4- 6 |  7- 9 | 10-12 | 13-15 | 16-18 || total
-------------------------+-------+-------+-------+-------+-------+-------++-------
Melee: Unarmed           |     7 |    23 |   115 |   121 |       |       ||   266
       Quarterstaff      |       |       |       |       |   148 |    99 ||   247
 Cast: Shock             |   102 |   104 |   128 |       |       |       ||   334
       Static Discharge  |     1 |    49 |    60 |    99 |   242 |   116 ||   567
       Swiftness         |       |     3 |     3 |     3 |     1 |     1 ||    11
       Airstrike         |       |       |    58 |   299 |   437 |   350 ||  1144
       Summon Lightning  |       |       |       |    15 |    54 |    91 ||   160
       Regeneration      |       |       |       |     1 |    22 |    17 ||    40
       Lightning Bolt    |       |       |       |       |    16 |   160 ||   176
       Vampiric Draining |       |       |       |       |       |     4 ||     4
       Animate Dead      |       |       |       |       |       |     2 ||     2
       Apportation       |       |       |       |       |       |     3 ||     3
Invok: Lesser Servant of |       |       |       |       |       |    60 ||    60
Evoke: Wand              |       |       |     3 |     4 |     3 |     9 ||    19
  Use: Scroll            |     5 |    15 |     5 |    19 |    21 |    23 ||    88
       Potion            |     2 |     5 |     1 |     9 |     3 |    13 ||    33
 Stab: Sleeping          |       |       |     1 |     2 |       |     1 ||     4
       Distracted        |       |       |       |       |     5 |     2 ||     7
  Eat: Chunk             |     3 |     2 |    19 |    15 |       |     6 ||    45
       Ration            |     1 |     3 |     3 |     6 |     9 |    10 ||    32
Armor: Robe              |       |    39 |    50 |    56 |       |       ||   145
       Troll leather arm |       |       |       |     3 |   182 |   166 ||   351
Dodge: Dodged            |    18 |   117 |   119 |   159 |   350 |   292 ||  1055
